Map: Moonlight Madness LE (Void)

Players

Javert

  • Race: Zerg Zerg
  • League: Gold

매의단 - Winner!

  • Race: Terran Terran
  • League: Platinum

VOD

Have the link to the VOD?

Description

Time

  • Played on: Sept. 6, 2015, 4:16 p.m.
  • Length: 11:19
Show
View Real Time Build Order
Export as new Build Order

Javert Zerg 

Build Orders: Hatch First, Muta Ling Bane 

Get SALT Encoding   

  12  0:01  Drone  
  13  0:13  Overlord  
  13  0:17  Drone  
  14  0:31  Drone  
  14  0:32  Drone  
  16  0:36  Drone  
  17  0:57  Hatchery  
  17  1:01  Drone  
  17  1:02  Extractor  
  17  1:03  Drone  
  17  1:10  Drone  
  18  1:20  Spawning Pool  
  18  1:22  Drone  
  18  1:30  Drone  
  19  1:40  Drone  
  20  1:56  Hatchery  
  19  2:07  Queen  
  21  2:10  Queen  
  23  2:19  Zergling x4  
  25  2:23  Overlord  
  25  2:30  Drone x2  
  27  2:50  Queen  
  29  2:51  Metabolic Boost  
  29  2:54  Drone x3  
  29  2:58  Drone  
  33  3:00  Drone  
  34  3:10  Drone x3  
  37  3:24  Overlord  
  37  3:27  Drone x4  
  39  3:32  Overlord  
  41  3:38  Overlord  
  41  3:47  Drone x4  
  41  3:48  Drone x3  
  48  3:56  Lair  
  48  3:58  Extractor  
  48  4:00  Evolution Chamber  
  46  4:04  Zergling x8  
  46  4:05  Zergling x2  
  51  4:14  Baneling Nest  
  51  4:16  Extractor  
  51  4:17  Extractor  
  48  4:22  Overlord  
  48  4:25  Drone x6  
  48  4:26  Drone x2  
  56  4:36  Queen  
  56  4:37  Overlord  
  58  4:39  Zerg Melee Weapons Level 1  
  58  4:48  Spine Crawler  
  58  4:49  Drone x3  
  58  4:50  Drone  
  58  4:51  Spore Crawler  
  60  5:02  Drone  
  60  5:03  Drone x7  
  68  5:13  Drone x3  
  68  5:14  Drone x4  
  74  5:16  Centrifical Hooks  
  75  5:34  Overlord x2  
  70  5:54  Drone x5  
  70  5:56  Extractor x2  
  73  6:00  Evolution Chamber  
  70  6:25  Zergling x2  
  70  6:26  Zergling x30  
  70  6:27  Zergling x6  
  70  6:30  Pneumatized Carapace  
  70  6:32  Zerg Ground Armor Level 1  
  89  6:33  Overlord x3  
  89  6:37  Spire  
  86  6:55  Overlord x2  
  86  6:57  Zerg Missile Weapons Level 1  
  86  7:00  Drone  
  86  7:01  Drone x4  
  91  7:02  Baneling  
  91  7:03  Roach Warren, Baneling x22  
  91  7:06  Drone x7  
  97  7:13  Overseer x3  
  97  7:23  Hatchery  
  93  7:34  Spore Crawler  
  93  7:35  Spore Crawler  
  91  7:46  Hatchery  
  91  7:50  Overlord x2, Mutalisk  
  91  7:51  Mutalisk x4  
  99  8:08  Mutalisk x2  
  103  8:18  Overlord x3  
  102  8:26  Mutalisk x3  
  108  8:35  Overlord x3  
  108  8:41  Hydralisk Den  
  108  8:43  Extractor  
  108  8:44  Extractor  
  105  8:49  Overlord x2  
  105  8:51  Zerg Ground Armor Level 2  
  105  8:54  Drone x5  
  105  8:55  Drone x4  
  114  8:57  Spore Crawler x2  
  112  9:09  Overlord x2  
  112  9:10  Drone x5  
  112  9:11  Drone x5  
  112  9:14  Overlord x2  
  112  9:16  Muscular Augments  
  122  9:20  Drone x3  
  122  9:21  Infestation Pit  
  122  9:28  Mutalisk x3  
  126  9:36  Drone x5  
  131  9:47  Mutalisk  
  131  9:48  Mutalisk x3  
  139  9:53  Overlord x2  
  139  9:54  Drone  
  139  9:55  Drone x5  
  139  9:56  Drone x3  
  148  10:02  Spine Crawler  
  148  10:03  Overlord x2  
  148  10:06  Hive  
  147  10:14  Overlord  
  147  10:18  Overlord x2  
  147  10:21  Overseer  
  141  10:39  Hatchery  
  111  10:49  Roach x2  
  115  10:50  Roach x21  
Show
View Real Time Build Order
Export as new Build Order

매의단 Terran - Winner!

Build Orders: Mech 

Get SALT Encoding   

  12  0:01  SCV  
  13  0:13  SCV  
  14  0:19  Supply Depot  
  14  0:25  SCV  
  15  0:40  SCV  
  15  0:42  Barracks  
  16  0:52  SCV  
  17  1:05  SCV  
  18  1:17  Command Center  
  18  1:29  Marine, Orbital Command  
  19  1:37  Refinery  
  19  1:40  Refinery  
  19  1:47  Marine  
  20  1:56  SCV  
  21  2:07  Supply Depot  
  21  2:08  SCV  
  22  2:13  Marine  
  23  2:22  Factory  
  23  2:30  Orbital Command  
  23  2:34  SCV  
  24  2:46  SCV  
  24  2:50  Marine  
  26  2:56  SCV  
  27  2:58  SCV  
  27  3:03  Bunker  
  28  3:10  SCV  
  29  3:15  Barracks Tech Lab, Starport  
  29  3:16  Widow Mine  
  29  3:19  SCV  
  32  3:23  SCV  
  33  3:28  Supply Depot  
  33  3:31  SCV  
  33  3:32  Refinery  
  33  3:34  Refinery  
  34  3:35  SCV  
  35  3:43  SCV  
  35  3:47  SCV  
  37  3:54  Medivac  
  42  3:55  Siege Tank  
  42  3:58  SCV  
  42  3:59  SCV  
  44  4:08  Supply Depot  
  44  4:10  SCV  
  44  4:11  SCV  
  44  4:13  Barracks Reactor  
  46  4:22  SCV  
  46  4:23  SCV  
  48  4:25  Supply Depot, Liberator  
  48  4:27  Siege Tank  
  51  4:34  SCV  
  51  4:35  SCV  
  51  4:37  Supply Depot  
  56  4:46  SCV  
  56  4:47  SCV  
  58  4:54  Armory  
  58  5:02  SCV x2  
  58  5:06  Siege Tank  
  63  5:14  Factory  
  63  5:16  SCV  
  63  5:17  SCV  
  65  5:21  Supply Depot  
  65  5:28  Factory  
  65  5:29  SCV  
  65  5:32  SCV  
  67  5:36  Command Center  
  67  5:41  SCV  
  68  5:49  SCV  
  69  5:53  SCV, Siege Tank  
  69  5:54  Infernal Pre-Igniter  
  73  6:01  SCV  
  73  6:02  Terran Vehicle Weapons Level 1  
  74  6:05  SCV  
  74  6:07  Supply Depot  
  75  6:17  SCV, Hellion x2, Viking  
  75  6:18  Viking  
  84  6:22  SCV  
  85  6:29  SCV, Hellion  
  88  6:37  Refinery  
  88  6:38  Hellion  
  90  6:42  Liberator x2  
  88  6:48  SCV  
  88  6:49  SCV  
  88  6:51  Hellion  
  89  6:54  Orbital Command  
  89  6:58  Refinery  
  89  7:00  SCV, Hellion  
  89  7:01  SCV  
  99  7:03  Factory  
  99  7:04  Supply Depot  
  99  7:07  Supply Depot  
  99  7:13  SCV x2, Hellion  
  103  7:19  Supply Depot  
  103  7:21  Hellion  
  105  7:33  SCV, Liberator x2  
  105  7:34  SCV, Hellion  
  112  7:37  Thor  
  112  7:42  Command Center, Hellion  
  117  7:45  Armory  
  117  7:48  Factory Tech Lab  
  123  7:55  Hellion  
  125  8:04  Hellion  
  127  8:06  SCV x2  
  129  8:16  Supply Depot  
  129  8:17  Supply Depot, Hellion  
  129  8:18  SCV x2  
  133  8:29  Supply Depot  
  133  8:30  Terran Vehicle Weapons Level 2  
  133  8:33  Terran Vehicle And Ship Armor Level 1  
  133  8:37  Thor, Hellion  
  133  8:39  Thor, Hellion  
  149  8:50  Viking x2  
  149  8:52  Supply Depot  
  149  8:54  Supply Depot  
  153  8:56  Orbital Command  
  153  8:59  Hellion  
  153  9:01  Hellion  
  153  9:02  Supply Depot  
  157  9:03  Supply Depot  
  154  9:11  Factory  
  154  9:13  Supply Depot  
  154  9:16  Engineering Bay  
  154  9:20  Hellion, Viking x2, Siege Tank  
  154  9:21  Thor  
  154  9:22  Hellion  
  171  9:37  SCV x2  
  173  9:42  Hellion  
  175  9:46  Missile Turret  
  175  9:50  Viking x2  
  175  9:52  Siege Tank  
  184  9:53  Hellion  
  184  9:58  Orbital Command  
  184  10:03  Hellion  
  184  10:04  Siege Tank  
  189  10:11  Hellion  
  193  10:14  Hellion  
  193  10:20  Viking x2, Missile Turret  
  197  10:22  Missile Turret  
  197  10:24  Hellion  
  199  10:32  Command Center  
  199  10:33  Hellion  
  196  10:46  Hellion  
  181  10:53  SCV  
  194  10:57  Hellion  
  192  11:09  Factory  
  192  11:10  Factory  
  190  11:16  Refinery  
Tags
 
Add a new tag
Caveats
  • Supply blocks, unpowered buildings, or Contaminate may cause inaccurate times.
  • Supply counts are checked every 10 seconds.